 Dungeon Crawl Stone Soup version 0.21.1-1-g345015f (webtiles) character file.

3027 suicidejoker the Quickloader (level 9, -1/78 HPs)
             Began as a Minotaur Hunter on Apr 22, 2018.
             Was a Follower of Okawaru.
             Slain by a two-headed ogre
             ... wielding a +0 giant spiked club
              (22 damage)
             ... on level 8 of the Dungeon on Apr 23, 2018.
             The game lasted 00:20:03 (7132 turns).

suicidejoker the Quickloader (Minotaur Hunter)      Turns: 7132, Time: 00:20:03

Health: -1/78      AC: 17    Str: 19    XL:     9   Next: 55%
Magic:  9/9        EV:  9    Int:  8    God:    Okawaru [*.....]
Gold:   388        SH:  0    Dex: 17    Spells: 8/8 levels left

rFire    . . .     SeeInvis .   d - +1 glaive "Qubby" {chop, rN+ Dex+3} (curse)
rCold    . . .     Gourm    .   (shield currently unavailable)
rNeg     + . .     Faith    .   l - +0 plate armour
rPois    +         Spirit   .   (helmet restricted)
rElec    .         Reflect  .   t - +0 cloak
rCorr    .         Harm     .   m - +2 pair of gloves
MR       .....     Rnd*Tele +   (no boots)
Stlth    ..........             B - amulet of regeneration
HPRegen  0.63/turn              w - +3 ring of slaying
MPRegen  0.11/turn              D - ring of teleportation (curse)

@: no status effects
A: retaliatory headbutt, horns 2, poison resistance, strong 1
a: Heroism, Renounce Religion


You were on level 8 of the Dungeon.
You worshipped Okawaru.
Okawaru was aware of your devotion.
You were not hungry.

You visited 1 branch of the dungeon, and saw 8 of its levels.

You collected 388 gold pieces.

Inventory:

Hand Weapons
 a - a +1 hand crossbow
 b - a +2 dagger of freezing
 d - the cursed +1 glaive "Qubby" (weapon) {chop, rN+ Dex+3}
   (You found it on level 7 of the Dungeon)

   It inflicts extra damage upon your enemies.
   It affects your dexterity (+3).
   It protects you from negative energy.
   It has a curse placed upon it.
 i - a +0 mace of holy wrath
 s - a +0 shortbow
Missiles
 g - 116 arrows
 j - 254 stones (quivered)
 u - 19 sling bullets
 v - 26 poisoned needles
 y - 4 tomahawks
 E - 5 bolts
Armour
 c - a +0 leather armour
 k - a +0 buckler
 l - a +0 plate armour (worn)
 m - a +2 pair of gloves (worn)
 t - a +0 cloak (worn)
 A - a +0 shield
Jewellery
 w - a +3 ring of slaying (left hand)
 B - an amulet of regeneration (around neck)
 C - an uncursed ring of wizardry
 D - a cursed ring of teleportation (right hand)
Scrolls
 e - 3 scrolls of immolation
 n - 2 scrolls of amnesia
 o - a scroll of fog
 p - 16 scrolls of identify
 q - a scroll of magic mapping
 x - a scroll of enchant armour
 z - a scroll of enchant weapon {unknown}
Potions
 h - 2 potions of flight
 r - 2 potions of agility
Comestibles
 f - 11 rations


   Skills:
 + Level 6.5 Fighting
 * Level 3.1 Polearms
 * Level 9.3 Crossbows
 + Level 6.1 Armour
 + Level 6.0 Dodging
 - Level 0.7 Stealth
 + Level 5.9 Shields
 * Level 2.4 Invocations


You had 8 spell levels left.
You didn't know any spells.

Dungeon Overview and Level Annotations

Branches:
Dungeon (8/15)             Temple (0/1) D:7
   Lair: D:8-11

Altars:
Ashenzari
Cheibriados
Dithmenos
Elyvilon
Gozag
Makhleb
Nemelex Xobeh
Okawaru
Trog
Vehumet
Wu Jian
Yredelemnul

Annotations:
D:5 filthincarnate's ghost, novice TrMo
D:6 Timbabwe's ghost, novice BaSu
D:8 Psyche


Innate Abilities, Weirdness & Mutations

You reflexively headbutt those who attack you in melee.
You have a pair of horns on your head.
Your system is resistant to poisons. (rPois)
Your muscles are strong. (Str +2)


Message History

An ogre comes into view. It is wielding a giant club.
Psyche begins to cast a cantrip, but forgets the words!
Found a scroll of identify.
You slash the two-headed ogre!
The two-headed ogre is moderately wounded.
The two-headed ogre barely misses you. x2
You barely miss the two-headed ogre.
Your headbutt misses the two-headed ogre.
The two-headed ogre is moderately wounded.
The two-headed ogre hits you with a giant spiked club.
The two-headed ogre hits you but does no damage.
You slash the ogre!
You kill the ogre!
Okawaru accepts your kill.
Psyche mumbles some strange words.
Psyche seems to speed up.
The two-headed ogre hits you with a giant spiked club!!
* * * LOW HITPOINT WARNING * * *
The two-headed ogre hits you with a giant club!!
You die...

###### #....# #
##?...###.#.###
#.>..@O@)......
#.....####.....
#.....# .?.
#.....# #
#.....# #.≈.≈.#
#≈.≈.≈# ##...##
#.≈.#


You could see a two-headed ogre and Psyche.

Vanquished Creatures
  A yak (D:7)
  Eustachio (D:5)
  3 hogs (D:7)
  A human (D:7)
  A sky beast (D:7)
  2 ice beasts
  6 ogres
  A centaur (D:2)
  A crocodile (D:7)
  Blork the orc (D:5)
  A bullfrog (D:6)
  6 killer bees
  A scorpion (D:8)
  A howler monkey (D:5)
  3 crimson imps
  A hound (D:7)
  A jelly (D:3)
  2 orc wizards
  Crazy Yiuf (D:5)
  Natasha (thrice) (D:3 D:4)
  3 iguanas
  4 worker ants
  A howler monkey zombie (D:6)
  A worker ant zombie (D:5)
  10 adders
  3 gnolls (D:4)
  A shadow imp (D:7)
  An ooze (D:4)
  4 worms
  5 leopard geckos
  16 orcs
  2 ball pythons
  5 giant cockroaches
  11 goblins
  11 hobgoblins
  7 jackals
  4 kobolds
  4 quokkas
  11 bats
  5 frilled lizards
  13 rats
160 creatures vanquished.

Notes
Turn   | Place    | Note
-------+----------+-------------------------------------------
     0 | D:1      | suicidejoker the Minotaur Hunter began the quest for the Orb.
     0 | D:1      | Reached XP level 1. HP: 18/18 MP: 0/0
   194 | D:1      | Reached XP level 2. HP: 25/25 MP: 1/1
   262 | D:1      | Reached skill level 1 in Armour
   956 | D:2      | Reached XP level 3. HP: 30/30 MP: 2/2
  1193 | D:2      | Reached skill level 5 in Crossbows
  1232 | D:2      | Noticed a centaur
  1240 | D:2      | Killed a centaur
  1240 | D:2      | Reached skill level 1 in Shields
  1240 | D:2      | Reached XP level 4. HP: 23/38 MP: 3/3
  1496 | D:2      | Reached XP level 5. HP: 45/45 MP: 4/4
  1501 | D:2      | Found a basalt altar of Yredelemnul.
  1865 | D:3      | Noticed Natasha
  1886 | D:3      | Killed Natasha
  2201 | D:3      | Found a white marble altar of Elyvilon.
  2504 | D:3      | Found an opulent altar of Gozag.
  2698 | D:3      | Reached XP level 6. HP: 50/52 MP: 5/5
  2998 | D:4      | Noticed Natasha
  3000 | D:4      | Killed Natasha
  3000 | D:4      | Reached skill level 6 in Crossbows
  3022 | D:4      | Found a basalt altar of Yredelemnul.
  3454 | D:4      | Found a burning altar of Makhleb.
  3511 | D:4      | Noticed Natasha
  3522 | D:4      | Killed Natasha
  3576 | D:4      | Gained mutation: You are partially covered in icy blue scales. (AC +2) [potion of mutation]
  3576 | D:4      | Gained mutation: Your spells are a little harder to cast, but a little more powerful. [potion of mutation]
  3846 | D:5      | Entered Level 5 of the Dungeon
  3901 | D:5      | Noticed Eustachio
  3914 | D:5      | Killed Eustachio
  3914 | D:5      | Reached XP level 7. HP: 55/60 MP: 6/6
  3973 | D:5      | Lost mutation: Your spells are a little harder to cast, but a little more powerful. [potion of mutation]
  3973 | D:5      | Lost mutation: You are partially covered in icy blue scales. (AC +2) [potion of mutation]
  3973 | D:5      | Gained mutation: You are agile. (Dex +2) [potion of mutation]
  3973 | D:5      | Gained mutation: Your system is resistant to poisons. (rPois) [potion of mutation]
  3973 | D:5      | Gained mutation: Your flesh is cold resistant. (rC+) [potion of mutation]
  4126 | D:5      | Noticed Blork the orc
  4134 | D:5      | Killed Blork the orc
  4138 | D:5      | Noticed filthincarnate's ghost (novice TrMo)
  4239 | D:5      | Found a runed door.
  4243 | D:5      | Noticed Crazy Yiuf
  4247 | D:5      | Killed Crazy Yiuf
  4300 | D:5      | Reached skill level 7 in Crossbows
  4469 | D:5      | Lost mutation: You are agile. (Dex +2) [potion of mutation]
  4469 | D:5      | Lost mutation: Your flesh is cold resistant. (rC+) [potion of mutation]
  4469 | D:5      | Gained mutation: You evolve. [potion of mutation]
  4469 | D:5      | Gained mutation: Your muscles are strong. (Str +2) [potion of mutation]
  4855 | D:5      | Reached XP level 8. HP: 67/67 MP: 7/7
  4907 | D:6      | Reached skill level 5 in Fighting
  4927 | D:6      | Noticed Timbabwe's ghost (novice BaSu)
  5087 | D:5      | Noticed a moth of wrath
  5090 | D:5      | Found a bloodstained altar of Trog.
  5162 | D:5      | Found a radiant altar of Vehumet.
  5319 | D:6      | Found a shadowy altar of Dithmenos.
  5820 | D:6      | Found an iron altar of Okawaru.
  5912 | D:8      | Reached skill level 5 in Dodging
  5915 | D:8      | Reached skill level 8 in Crossbows
  5917 | D:8      | Reached skill level 5 in Armour
  5941 | D:7      | Reached skill level 5 in Shields
  6190 | D:7      | Lost mutation: You evolve. [evolution]
  6247 | D:7      | Reached XP level 9. HP: 61/75 MP: 8/8
  6304 | D:7      | Found a snail-covered altar of Cheibriados.
  6310 | D:7      | Found a sparkling altar of Nemelex Xobeh.
  6310 | D:7      | Found a shattered altar of Ashenzari.
  6312 | D:7      | Found an ornate altar of the Wu Jian Council.
  6384 | D:6      | Became a worshipper of Warmaster Okawaru
  6533 | D:7      | Got an encrusted glaive
  6534 | D:7      | Identified the cursed +1 glaive "Qubby" {chop, rN+ Dex+3} (You found it on level 7 of the Dungeon)
  6560 | D:7      | Found a staircase to the Ecumenical Temple.
  6630 | D:7      | Reached skill level 1 in Polearms
  6630 | D:7      | Reached skill level 1 in Invocations
  6787 | D:7      | Reached skill level 9 in Crossbows
  7112 | D:8      | Reached * piety under Okawaru
  7125 | D:8      | Noticed Psyche
  7125 | D:8      | Noticed a two-headed ogre
  7132 | D:8      | Slain by a two-headed ogre

Skill      XL: |  1  2  3  4  5  6  7  8  9 |
---------------+----------------------------+-----
Armour         | 1 2 3 4 5 6 |  6.1
Crossbows      | 5 6 7 8 9 |  9.3
Fighting       | 3 4 6 |  6.5
Dodging        | 3 4 5 6 |  6.0
Shields        | 1 2 3 4 5 |  5.9
Polearms       | 3 |  3.1
Invocations    | 2 |  2.4
Stealth        | |  0.7

Action                   |  1- 3 |  4- 6 |  7- 9 || total
-------------------------+-------+-------+-------++-------
Melee: Short sword       |       |    14 |       ||    14
       Dagger            |       |     5 |    77 ||    82
       Headbutt          |       |     4 |    18 ||    22
       Glaive            |       |       |    35 ||    35
 Fire: Hand crossbow     |    75 |   141 |    97 ||   313
Throw: Stone             |       |    28 |   128 ||   156
  Use: Potion            |       |     7 |     4 ||    11
       Scroll            |       |     8 |     5 ||    13
  Eat: Chunk             |       |     9 |     3 ||    12
       Ration            |       |       |     2 ||     2
Armor: Leather armour    |     6 |     4 |       ||    10
       Plate armour      |       |    54 |   231 ||   285
Dodge: Dodged            |    18 |    45 |   131 ||   194
Block: Buckler           |     1 |    25 |    18 ||    44
